 Dungeon Crawl Stone Soup version 0.20.1-1-g8b1a95d (webtiles) character file.

597 Sayu92 the Summoner (level 7, -2/46 HPs)
             Began as a Barachi Summoner on Dec 10, 2017.
             Was an Initiate of Sif Muna.
             Shot with an arrow by a centaur (14 damage)
             ... on level 5 of the Dungeon.
             The game lasted 01:21:44 (6635 turns).

Sayu92 the Summoner (Barachi Summoner)              Turns: 6635, Time: 01:21:44

Health: -2/46      AC:  3    Str:  9    XL:     7   Next: 40%
Magic:  5/13       EV: 12    Int: 17    God:    Sif Muna [......]
Gold:   350        SH:  0    Dex: 13    Spells: 5/15 levels left

rFire    . . .     SeeInvis .   m - +0 trident
rCold    . . .     Gourm    .   (no shield)
rNeg     . . .     Faith    .   a - +0 robe
rPois    .         Spirit   .   (no helmet)
rElec    .         Reflect  .   z - +0 cloak
rCorr    .         Harm     .   (no gloves)
MR       .....                  (no boots)
Stlth    ++........             s - amulet of regeneration
Regen    0.6/turn               (no ring)
MPRegen  0.2/turn               (no ring)

@: can't hop, slow
A: +LOS, swims, slowness 1, strong legs 1
a: Hop, Renounce Religion


You were on level 5 of the Dungeon.
You worshipped Sif Muna.
Sif Muna was noncommittal.
You were not hungry.

You visited 2 branches of the dungeon, and saw 6 of its levels.

You collected 350 gold pieces.

Inventory:

Hand Weapons
 g - a +0 dagger
 m - a +0 trident (weapon)
 o - a cursed -2 hand axe
 p - a +0 scythe
 y - a +4 quarterstaff of chaos
Armour
 a - a +0 robe (worn)
 z - a +0 cloak (worn)
 D - a scarf of cloud immunity
Jewellery
 s - an amulet of regeneration (around neck)
Wands
 r - a wand of random effects (26/48)
 A - a wand of random effects (18/48)
Scrolls
 d - 3 scrolls of remove curse
 h - a scroll of teleportation
 j - a scroll of fog
 q - 2 scrolls of amnesia
 t - a scroll of immolation {unknown}
 v - a scroll of blinking {unknown}
 w - a scroll of magic mapping {unknown}
 x - a scroll of enchant weapon {unknown}
 B - 3 scrolls of identify
 C - a scroll of noise {unknown}
Potions
 e - 2 potions of curing
 i - a potion of resistance
 n - 2 potions of heal wounds
 E - a potion of might
Books
 b - a book of Callings

   Spells                             Type                      Level
   a - Summon Small Mammal            Summoning                    1
   b - Call Imp                       Summoning                    2
   c - Call Canine Familiar           Summoning                    3
   d - Summon Guardian Golem          Hexes/Summoning              3
   e - Summon Lightning Spire         Summoning/Air                4
   f - Summon Ice Beast               Ice/Summoning                4
 f - a book of Minor Magic

   Spells                             Type                      Level
   a - Magic Dart                     Conjuration                  1
   b - Blink                          Translocation                2
   c - Call Imp                       Summoning                    2
   d - Slow                           Hexes                        2
   e - Conjure Flame                  Conjuration/Fire             3
   f - Mephitic Cloud                 Conjuration/Poison/Air       3
Comestibles
 c - 3 chunks of flesh
 k - 2 royal jellies
 l - 6 fruits
 u - 2 meat rations


   Skills:
 - Level 2.1 Dodging
 - Level 1.7 Stealth
 + Level 4.6 Spellcasting
 * Level 8.6 Summonings
 + Level 3.0 Ice Magic


You had 5 spell levels left.
You knew the following spells:

 Your Spells              Type           Power        Failure   Level  Hunger
a - Summon Small Mammal   Summ           ####         1%          1    None
b - Call Imp              Summ           ####....     1%          2    ##.....
c - Call Canine Familiar  Summ           ####....     1%          3    ###....
d - Summon Ice Beast      Ice/Summ       ###.....     13%         4    ####...


Dungeon Overview and Level Annotations

Branches:
Dungeon (5/15)             Temple (1/1) D:5

Altars:
Ashenzari
Dithmenos
Fedhas
Kikubaaqudgha
Nemelex Xobeh
Qazlal
Ru
Sif Muna
Trog
Uskayaw
Vehumet
Xom
The Shining One


Innate Abilities, Weirdness & Mutations

Shadows flee at your approach. (+LOS)
You can swim through water.
You cover ground slowly.
You can hop short distances.


Message History

The centaur shoots an arrow.
The arrow hits your crimson imp!
Your crimson imp dies!
Your hound bites the centaur but does no damage.
Hop to where?
Press: ? - help, Dir - move target cursor Boing!
The centaur shoots an arrow.
The arrow hits your crimson imp!
Your crimson imp blinks!
The centaur shoots an arrow.
The arrow closely misses your crimson imp.
The arrow hits you!
* * * LOW HITPOINT WARNING * * *
The centaur shoots an arrow.
The arrow misses your crimson imp. The arrow barely misses you.
The centaur shoots an arrow.
The arrow barely misses your crimson imp.
The arrow hits you.
* * * LOW HITPOINT WARNING * * *
The centaur shoots an arrow.
The arrow hits you!
You die...

. ########### #.. .........#
#..####.#####.######
..#..............(..#
#..........c....##.############
#..####.##.##.#@#.............#
#.##.##.#.#..##########.#
#5...........######## #.#
#.#...........<.....# #.#
#.#...##.....######.# #.#
#.#####..........)..# #.# #.#
#.#.#..#####).# #.##
#c#####.#.#..# #>.# #...
#.((ch#.#....# #..# ####


You could see a centaur.

Vanquished Creatures
  2 adders
  An ooze (D:4)
  A leopard gecko (D:4)
  2 orcs
  A bat (D:1)
  A jackal (D:2)
  2 quokkas (D:4)
  A rat (D:2)
11 creatures vanquished.

Vanquished Creatures (collateral kills)
  Sigmund (D:3)
  An ice beast (D:5)
  A phantom (D:4)
  An ogre (D:4)
  A howler monkey (D:4)
  The ghost of schauveau the Digger, a weakling GrEE (D:3)
  5 orc priests
  Crazy Yiuf (D:4)
  An iguana (D:5)
  4 orc wizards (D:4)
  2 worker ants (D:4)
  A hound skeleton (D:5)
  4 adders
  3 gnolls (D:4)
  2 worms
  A dart slug (D:3)
  3 leopard geckos
  24 orcs
  5 giant cockroaches
  10 goblins
  9 hobgoblins
  7 jackals
  7 kobolds
  A quokka (D:2)
  4 ball pythons
  10 bats
  3 frilled lizards
  7 rats
120 creatures vanquished.

Vanquished Creatures (others)
  2 orc priests (D:3)
  A kobold (D:3)
  A rat (D:3)
4 creatures vanquished.

Grand Total: 135 creatures vanquished

Notes
Turn   | Place    | Note
-------+----------+-------------------------------------------
     0 | D:1      | Sayu92 the Barachi Summoner began the quest for the Orb.
     0 | D:1      | Reached XP level 1. HP: 13/13 MP: 3/3
   281 | D:1      | Reached skill level 5 in Summonings
   824 | D:1      | Reached XP level 2. HP: 19/19 MP: 3/5
   828 | D:1      | Learned a level 2 spell: Call Imp
  1795 | D:2      | Reached XP level 3. HP: 20/24 MP: 6/6
  2105 | D:2      | Learned a level 3 spell: Call Canine Familiar
  2624 | D:2      | Reached skill level 6 in Summonings
  2916 | D:3      | Found a radiant altar of Vehumet.
  2918 | D:3      | Noticed Sigmund
  3156 | D:3      | Noticed schauveau's ghost (weakling GrEE)
  3170 | D:3      | Killed schauveau's ghost
  3170 | D:3      | Reached XP level 4. HP: 30/30 MP: 6/8
  3292 | D:3      | Killed Sigmund
  3292 | D:3      | Reached skill level 7 in Summonings
  3292 | D:3      | Reached XP level 5. HP: 35/35 MP: 4/10
  3453 | D:3      | HP: 1/35 [orc priest/divine providence (13)]
  3898 | D:3      | Found a stormy altar of Qazlal.
  3901 | D:3      | Noticed a water elemental
  3901 | D:3      | Noticed an air elemental
  3901 | D:3      | Noticed a fire elemental
  4128 | D:3      | Found a blossoming altar of Fedhas.
  4492 | D:4      | Noticed a phantom
  4601 | D:3      | Learned a level 4 spell: Summon Ice Beast
  4645 | D:4      | Reached XP level 6. HP: 41/41 MP: 3/11
  4820 | D:4      | Reached skill level 1 in Ice Magic
  4876 | D:4      | Killed a phantom
  5007 | D:4      | Reached skill level 8 in Summonings
  5036 | D:4      | Found a glowing golden altar of the Shining One.
  5189 | D:4      | Found a runed door.
  5470 | D:4      | Reached XP level 7. HP: 46/46 MP: 7/13
  5654 | D:4      | Noticed Crazy Yiuf
  5662 | D:4      | Killed Crazy Yiuf
  5735 | D:5      | Entered Level 5 of the Dungeon
  5756 | D:5      | Found a staircase to the Ecumenical Temple.
  5829 | Temple   | Entered the Ecumenical Temple
  6002 | Temple   | Became a worshipper of Sif Muna the Loreminder
  6635 | D:5      | Shot with an arrow by a centaur

Skill      XL: |  1  2  3  4  5  6  7 |
---------------+----------------------+-----
Summonings     | 5 6 7 8 |  8.6
Spellcasting   | 3 4 |  4.6
Ice Magic      | 2 3 |  3.0
Dodging        | |  2.1
Stealth        | |  1.7

Action                   |  1- 3 |  4- 6 |  7- 9 || total
-------------------------+-------+-------+-------++-------
Melee: Unarmed           |    23 |       |       ||    23
       Dagger            |     3 |    20 |       ||    23
       Trident           |       |    23 |    15 ||    38
 Cast: Summon Small Mamm |    61 |     5 |     1 ||    67
       Call Imp          |    14 |    26 |    20 ||    60
       Call Canine Famil |     7 |    22 |    15 ||    44
 Abil: Hop               |     4 |     4 |     2 ||    10
  Use: Scroll            |     6 |     2 |     1 ||     9
       Potion            |     4 |       |       ||     4
 Stab: Distracted        |       |     2 |       ||     2
       Sleeping          |       |     1 |       ||     1
  Eat: Chunk             |    10 |     7 |     1 ||    18
       Bread ration      |       |     1 |     1 ||     2
       Fruit             |       |       |     1 ||     1
Armor: Robe              |    40 |     2 |       ||    42
Dodge: Dodged            |    94 |    28 |     4 ||   126
